 Dungeon Crawl Stone Soup version 0.23.1 (webtiles) character file.

Game seed: 2132296551179819802

246 Borgoz the Sneak (level 6, 0/48 HPs)
             Began as a Ghoul Enchanter on Mar 3, 2019.
             Slain by a worm (5 damage)
             ... on level 2 of the Dungeon.
             The game lasted 00:04:03 (1812 turns).

Borgoz the Sneak (Ghoul Enchanter)                  Turns: 1812, Time: 00:04:04

Health: 0/48       AC:  9    Str: 12    XL:     6   Next: 11%
Magic:  7/7        EV:  6    Int: 10    God:
Gold:   76         SH:  0    Dex: 11    Spells: 7/8 levels left

rFire    + + .     SeeInvis .   a - +1 dagger
rCold    + . .     Gourm    .   (no shield)
rNeg     + + +     Faith    .   k - +0 chain mail
rPois    ∞         Spirit   .   (no helmet)
rElec    .         Reflect  .   (no cloak)
rCorr    .         Harm     .   i - +0 pair of gloves
MR       .....                  (no boots)
Stlth    ..........             (no amulet)
HPRegen  0.00/turn              f - ring of protection from fire
MPRegen  0.10/turn              h - ring of protection from fire

@: rotting
A: rotting body, claws 1, carnivore, cold resistance 1, negative energy
resistance 3, inhibited regeneration, torment resistance, unbreathing
a: no special abilities


You were on level 2 of the Dungeon.
You were not hungry.

You visited 1 branch of the dungeon, and saw 2 of its levels.

You collected 76 gold pieces.

Inventory:

Hand Weapons
 a - a +1 dagger (weapon)
Armour
 i - a +0 pair of gloves (worn)
 k - a +0 chain mail (worn)
Jewellery
 f - a ring of protection from fire (left hand)
 g - an uncursed ring of wizardry
 h - a ring of protection from fire (right hand)
 n - an uncursed ring of resist corrosion
Scrolls
 b - 2 scrolls of teleportation {unknown}
 e - a scroll of identify {unknown}
 j - a scroll of immolation {unknown}
Potions
 l - a potion of invisibility {unknown}
Comestibles
 d - 3 rations


   Skills:
 + Level 2.1 Fighting
 * Level 2.9 Short Blades
 + Level 1.6 Armour
 * Level 3.3 Dodging
 + Level 4.2 Stealth
 - Level 1.7 Spellcasting
 - Level 2.4 Hexes


You had 7 spell levels left.
You knew the following spells:

 Your Spells              Type           Power        Failure   Level  Hunger
a - Corona                Hex            #......      99%         1    ##.....

Your spell library contained the following spells:

 Spells                   Type           Power        Failure   Level  Hunger
 Ensorcelled Hibernation  Hex/Ice        #.....       100%        2    ###....
 Confuse                  Hex            #.......     100%        3    ####...
 Dazzling Spray           Conj/Hex       #.....       100%        3    ####...
 Tukima's Dance           Hex            #.......     100%        3    ####...


Dungeon Overview and Level Annotations

Branches:
Dungeon (2/15)

Altars:


Innate Abilities, Weirdness & Mutations

Your body is rotting away.
You thrive on raw meat.
You are immune to poison.
You have sharp fingernails.
You are carnivorous and can eat meat at any time.
Your flesh is cold resistant. (rC+)
You are immune to negative energy. (rN+++)
You do not regenerate when monsters are visible.
You are immune to unholy pain and torment.
You can survive without breathing.


Message History

The worm bites you but does no damage.
The hobgoblin shouts!
You hit the worm.
The worm is almost dead.
You completely miss the worm.
The worm is almost dead.
The worm bites you.
* * * LOW HITPOINT WARNING * * *
You hit the worm but do no damage.
The worm is almost dead.
You hit the worm but do no damage.
The worm is almost dead.
The worm bites you.
* * * LOW HITPOINT WARNING * * *
You hit the worm but do no damage.
The worm is almost dead.
You hit the worm.
The worm is almost dead.
The worm bites you.
You die...

....# #...####.....#
#...###........#.#.#
#..÷......####.#.#.#
#..####.#.# #.#.#.#
#..# ##.## #.....#
#..# .# ###.### #..
.# #.# #.. #.. #.#
#.. .. #####@# #..
... ...#w#
..####.#S######
..w.....Kg....#
...###.#.####.#
.....# ###.#..
#.#.## #.#.#


You could see a worm, an adder, a hobgoblin and a kobold.

Vanquished Creatures
  Sigmund (D:2)
  An iguana (D:2)
  4 adders (D:2)
  A worm (D:2)
  3 leopard geckos
  5 bats
  A giant cockroach (D:2)
  4 goblins
  5 hobgoblins
  A quokka (D:2)
  A ball python (D:2)
  A frilled lizard (D:2)
  2 kobolds
  5 rats
35 creatures vanquished.

Notes
Turn   | Place    | Note
-------+----------+-------------------------------------------
     0 | D:1      | Borgoz the Ghoul Enchanter began the quest for the Orb.
     0 | D:1      | Reached XP level 1. HP: 14/14 MP: 2/2
   418 | D:1      | Reached skill level 1 in Short Blades
   510 | D:1      | Reached XP level 2. HP: 17/20 MP: 3/3
   805 | D:2      | Reached XP level 3. HP: 9/27 MP: 4/4
  1262 | D:2      | Noticed Sigmund
  1264 | D:2      | Reached skill level 1 in Fighting
  1367 | D:2      | Killed Sigmund
  1367 | D:2      | Reached skill level 1 in Armour
  1367 | D:2      | Reached skill level 4 in Stealth
  1367 | D:2      | Reached XP level 4. HP: 6/36 MP: 0/5
  1367 | D:2      | Reached XP level 5. HP: 7/41 MP: 0/6
  1389 | D:2      | Reached XP level 6. HP: 13/48 MP: 1/7
  1812 | D:2      | Slain by a worm

Skill      XL: |  1  2  3  4  5 |
---------------+----------------+-----
Short Blades   | 1 2 |  2.9
Dodging        | 2 3 |  3.3
Fighting       | 1 2 |  2.1
Armour         | 1 |  1.6
Stealth        | 4 |  4.2
Spellcasting   | |  1.7
Hexes          | |  2.4

Action                   |  1- 3 |  4- 6 || total
-------------------------+-------+-------++-------
Melee: Dagger            |   189 |   105 ||   294
 Cast: Corona            |       |     1 ||     1
  Use: Potion            |     2 |       ||     2
       Scroll            |     1 |       ||     1
 Stab: Sleeping          |     1 |       ||     1
  Eat: Chunk             |    10 |     9 ||    19
Armor: Robe              |     7 |       ||     7
       Chain mail        |   123 |    43 ||   166
Dodge: Dodged            |    56 |    21 ||    77
